 Dungeon Crawl Stone Soup version 0.24-a0-422-g9eff3895ba (webtiles) character file.

Game seed: 10043239534405123453

6987 Gumption the Conjurer (level 10, -26/83 HPs)
             Began as a White Draconian Fire Elementalist on June 12, 2019.
             Was a Follower of Elyvilon.
             Annihilated by an orc warrior
             ... wielding a +0 war axe
              (37 damage)
             ... in a bailey.
             The game lasted 01:19:18 (9947 turns).

Gumption the Conjurer (DrFE)                        Turns: 9947, Time: 01:19:18

Health: -26/83     AC:  9    Str: 11    XL:     10   Next: 81%
Magic:  17/17      EV: 13    Int: 19    God:    Elyvilon [*.....]
Gold:   455        SH:  4    Dex: 11    Spells: 11/19 levels left

rFire    . . .     SeeInvis .   a - +7 Singing Sword {slice, sonic wave, !=[Y]}
rCold    + + .     Gourm    .   s - +0 buckler
rNeg     . . .     Faith    .   (armour unavailable)
rPois    .         Spirit   .   (helmet restricted)
rElec    .         Reflect  .   t - scarf {repulsion}
rCorr    +         Harm     .   O - +0 pair of gloves (curse)
MR       .....                  J - +0 pair of boots
Stlth    ++........             (no amulet)
HPRegen  0.23/turn              i - ring of resist corrosion
MPRegen  0.15/turn              v - ring of protection from cold

@: berserk cooldown, slowed, repel missiles, very slow
A: breathe frost, unfitting armour, cold resistance 1, cold-blooded, AC +7
a: Breathe Frost, Lesser Healing, Divine Protection, Renounce Religion


You were in a bailey.
You worshipped Elyvilon.
Elyvilon was aware of your devotion.
You were not hungry.

You visited 2 branches of the dungeon, and saw 10 of its levels.
You also visited: Ossuary and Bailey.

You collected 455 gold pieces.

Inventory:

Hand Weapons
 a - the +7 Singing Sword (weapon) {slice, sonic wave, !=[Y]}
   (You found it on level 5 of the Dungeon)

   It inflicts extra damage upon your enemies.
 b - a +0 hunting sling
 H - a +0 hand axe
 Q - a +2 scimitar of flaming
Missiles
 j - 8 boomerangs (quivered)
 k - 230 stones
 l - 102 sling bullets
 m - 22 poisoned darts
Armour
 s - a +0 buckler (worn)
 t - a scarf of repulsion (worn)
 J - a +0 pair of boots (worn)
 O - a cursed +0 pair of gloves (worn)
Jewellery
 i - a ring of resist corrosion (left hand)
 v - a ring of protection from cold (right hand)
 P - an uncursed ring of wizardry
Wands
 G - a wand of flame (32)
 M - a wand of acid (9)
Scrolls
 c - a scroll of teleportation
 g - 5 scrolls of remove curse
 h - a scroll of fear
 n - 4 scrolls of immolation {unknown}
 o - 2 scrolls of fog
 y - a scroll of magic mapping
 C - a scroll of noise {unknown}
 D - 3 scrolls of enchant weapon {unknown}
 F - a scroll of vulnerability {unknown}
 K - 2 scrolls of enchant armour {unknown}
 N - 3 scrolls of identify
 R - a scroll of torment {unknown}
Potions
 d - 2 potions of ambrosia
 f - a potion of invisibility
 p - a potion of heal wounds
 r - 3 potions of mutation
 u - 8 potions of curing
 w - a potion of agility
 z - a potion of magic {unknown}
 A - a potion of lignification {unknown}
 B - 4 potions of haste
 E - 2 potions of flight
 I - a potion of resistance {unknown}
 L - a potion of might
Comestibles
 e - 16 rations
 x - 32 chunks of flesh


   Skills:
 + Level 6.3 Fighting
 * Level 7.0 Long Blades
 + Level 3.2 Slings
 + Level 3.7 Dodging
 - Level 1.7 Stealth
 - Level 4.0 Shields
 - Level 5.0 Spellcasting
 - Level 7.3 Conjurations
 - Level 6.6 Fire Magic
 + Level 3.8 Invocations


You had 11 spell levels left.
You knew the following spells:

 Your Spells              Type           Power        Failure   Level  Hunger
a - Flame Tongue          Conj/Fire      ####.        1%          1    None
b - Conjure Flame         Conj/Fire      ####....     1%          3    ##.....
c - Sticky Flame          Conj/Fire      ####....     7%          4    ####...

Your spell library contained the following spells:

 Spells                   Type           Power        Failure   Level  Hunger
 Throw Flame              Conj/Fire      ####..       1%          2    #......
 Sting                    Conj/Pois      ###.         2%          1    None
 Inner Flame              Hex/Fire       ###.....     10%         3    ##.....
 Mephitic Cloud           Conj/Pois/Air  ##......     14%         3    ##.....
 Poisonous Vapours        Pois/Air       #.....       19%         2    #......
 Fireball                 Conj/Fire      ####......   19%         5    ######.
 Venom Bolt               Conj/Pois      ###.......   58%         5    ######.
 Olgreb's Toxic Radiance  Pois           #.......     77%         4    ####...


Dungeon Overview and Level Annotations

Branches:
Dungeon (9/15)             Temple (1/1) D:7
   Lair: D:8-11         Orc: D:9-12

Altars:
Ashenzari
Cheibriados
Dithmenos
Elyvilon
Fedhas
Gozag
Hepliaklqana
Kikubaaqudgha
Makhleb
Nemelex Xobeh
Okawaru
Qazlal
Ru
Sif Muna
Trog
Uskayaw
Vehumet
Wu Jian
Xom
Yredelemnul
Zin
The Shining One

Shops:
D:9 *


Innate Abilities, Weirdness & Mutations

You can breathe waves of freezing cold.
You can buffet flying creatures when you breathe cold.
Your icy white scales are hard. (AC +7)
You cannot fit into any form of body armour.
Your flesh is cold resistant. (rC+)
You are cold-blooded and may be slowed by cold attacks.


Message History

The orc warrior, the orc knight and the goblin are blasted.
The orc warrior is severely wounded.
The orc knight is almost dead.
You kill the goblin!
The orc knight is almost dead.
You hear a shout! x4
The orc warrior no longer looks unusually strong.
The orc knight roars a battlecry!
The orc warrior goes into a battle-frenzy!
The orc warrior barely misses you.
You riposte.
You barely miss the orc warrior.
The orc warrior is severely wounded.
The orc knight barely misses you.
You slash the orc knight!
You kill the orc knight!
Your Long Blades skill increases to level 7!
The orc warrior hits you with a +0 war axe.
* * * LOW HITPOINT WARNING * * *
The orc warrior hits you with a +0 war axe!!!
You die...

### ### ###.###
###.### ###.....###
###.....#
##.........###........
#..........)#.........
#....).....)).)..)....
#.....⌠....)#.))..⌠)))
#...o.......#....)....
#..))@......#........)
##.))......###.....)))
#'#.....### ###...))#
..)###.### ###.###
..)). ### ###.. ...)
#... ...) #... #...
#...


You could see an orc warrior.

Vanquished Creatures
  Gastronok (D:8)
  Erica (D:8)
  2 orc knights (Bailey)
  A centaur skeleton (D:9)
  A troll (D:9)
  Prince Ribbit (D:8)
  2 hippogriffs
  A water moccasin (D:8)
  A black bear (D:6)
  3 ice beasts
  7 orc warriors (Bailey)
  3 phantoms
  2 ogres (D:7)
  2 centaurs
  3 bullfrogs
  6 scorpions
  3 killer bees (D:9)
  4 crimson imps
  A human zombie (Ossuary)
  A centaur zombie (Ossuary)
  2 quasits
  2 orc priests (D:6)
  An iguana (D:4)
  4 hounds
  3 bullfrog skeletons (D:4)
  Ijyb (D:5)
  Natasha (thrice) (D:2)
  6 orc wizards
  10 worker ants
  2 big kobold zombies (Ossuary)
  5 mummies (Ossuary)
  12 adders
  15 gnolls
  A shadow imp (D:6)
  An adder zombie (D:7)
  2 oozes
  An adder skeleton (D:7)
  A worm (D:5)
  2 dart slugs
  2 leopard geckos
  29 orcs
  6 bats
  7 giant cockroaches
  22 goblins
  15 hobgoblins
  5 jackals
  A quokka (D:4)
  2 ball pythons
  4 frilled lizards
  A goblin zombie (Ossuary)
  A hobgoblin zombie (Ossuary)
  2 jackal zombies
  5 kobolds
  2 orc zombies (Ossuary)
  A quokka skeleton (D:8)
  A quokka zombie (D:6)
  10 rats
  2 fungi (D:5)
238 creatures vanquished.

Vanquished Creatures (collateral kills)
  A crimson imp (D:7)
1 creature vanquished.

Vanquished Creatures (others)
  5 fungi (D:5)
5 creatures vanquished.

Grand Total: 244 creatures vanquished

Notes
Turn   | Place    | Note
-------+----------+-------------------------------------------
     0 | D:1      | Gumption the Draconian Fire Elementalist began the quest
                  | for the Orb.
     0 | D:1      | Reached XP level 1. HP: 14/14 MP: 3/3
   690 | D:1      | Reached XP level 2. HP: 20/20 MP: 1/5
  1521 | D:1      | Reached XP level 3. HP: 26/26 MP: 4/6
  1528 | D:1      | Learned a level 3 spell: Conjure Flame
  1863 | D:2      | Found a sacrificial altar of Ru.
  1864 | D:2      | Noticed Natasha
  1917 | D:2      | Found a blossoming altar of Fedhas.
  1975 | D:2      | Killed Natasha
  2038 | D:2      | Noticed Natasha
  2046 | D:2      | Reached XP level 4. HP: 28/33 MP: 3/7
  2053 | D:2      | Killed Natasha
  2378 | D:2      | Noticed Natasha
  2408 | D:2      | Killed Natasha
  2506 | D:2      | Learned a level 4 spell: Sticky Flame
  2678 | D:2      | Reached XP level 5. HP: 38/38 MP: 6/9
  3536 | D:4      | Found a sand-covered staircase.
  3542 | Ossuary  | Entered an ossuary
  3616 | Ossuary  | Reached skill level 1 in Shields
  3762 | Ossuary  | Reached skill level 1 in Fighting
  3765 | Ossuary  | Reached XP level 6. HP: 47/47 MP: 3/10
  4517 | D:4      | Noticed an ice beast
  4524 | D:4      | Killed an ice beast
  4524 | D:4      | Reached skill level 5 in Fire Magic
  4524 | D:4      | Your scales start taking on an icy white colour.
  4524 | D:4      | Reached XP level 7. HP: 48/53 MP: 5/11
  4524 | D:4      | Gained mutation: Your flesh is cold resistant. (rC+) [White
                  | Draconian growth]
  4970 | D:5      | Entered Level 5 of the Dungeon
  5884 | D:5      | Noticed Ijyb
  5895 | D:5      | Killed Ijyb
  6567 | D:5      | Reached XP level 8. HP: 62/62 MP: 8/13
  6588 | D:5      | Reached skill level 5 in Conjurations
  6632 | D:5      | Found the +7 Singing Sword {slice, sonic wave}
  6981 | D:6      | Reached skill level 5 in Fire Magic
  7176 | D:6      | Reached skill level 1 in Long Blades
  7398 | D:6      | Found a hazy altar of Hepliaklqana.
  7503 | D:6      | Found a radiant altar of Vehumet.
  7507 | D:6      | Found a glowing silver altar of Zin.
  7520 | D:6      | Found a stormy altar of Qazlal.
  7630 | D:6      | Became a worshipper of Hepliaklqana the Forgotten
  7774 | D:7      | Fell from the grace of Hepliaklqana
  7828 | D:7      | Noticed a hippogriff
  7831 | D:7      | Killed a hippogriff
  7859 | D:7      | Found a white marble altar of Elyvilon.
  7868 | D:7      | Became a worshipper of Elyvilon the Healer
  8095 | D:7      | Found a staircase to the Ecumenical Temple.
  8149 | Temple   | Entered the Ecumenical Temple
  8331 | D:8      | Noticed Prince Ribbit
  8341 | D:8      | Killed Prince Ribbit
  8347 | D:8      | Noticed a hippogriff
  8357 | D:8      | Killed a hippogriff
  8668 | D:8      | Found a hide-covered altar of Uskayaw.
  8671 | D:8      | Noticed a +0 hand axe
  8673 | D:8      | Noticed a +0 hand axe
  8675 | D:8      | Noticed Gastronok
  8715 | D:8      | Killed Gastronok
  8715 | D:8      | Was forgiven by Hepliaklqana
  8715 | D:8      | Reached skill level 5 in Spellcasting
  8715 | D:8      | Reached XP level 9. HP: 25/73 MP: 14/16
  9038 | D:8      | Reached skill level 5 in Fighting
  9066 | D:8      | Noticed Erica
  9068 | D:8      | Reached skill level 1 in Invocations
  9074 | D:8      | Killed Erica
  9074 | D:8      | Reached skill level 5 in Long Blades
  9074 | D:8      | Reached skill level 1 in Slings
  9074 | D:8      | Reached XP level 10. HP: 81/81 MP: 17/17
  9095 | D:8      | Reached * piety under Elyvilon
  9460 | D:9      | Found Celim's Assorted Antiques.
  9536 | D:9      | Found a flagged portal.
  9567 | Bailey   | Entered a bailey
  9927 | Bailey   | Noticed an orc knight
  9932 | Bailey   | Noticed an orc knight
  9937 | Bailey   | Killed an orc knight
  9945 | Bailey   | Elyvilon protects you from harm!
  9947 | Bailey   | Killed an orc knight
  9947 | Bailey   | Annihilated by an orc warrior

Levels and vault maps discovered:
D:1:      psy_arrival_radial02, layout_basic
D:2:      layout_rooms, old_standard_altar, fedhas_altar_fruit_tree,
          uniq_natasha
D:3:      layout_basic
D:4:      layout_cave_pools, first_ration, lightli_ossuary_entry_decrepit_ruins,
          minmay_mini_jars
D:5:      old_forge, layout_basic, minmay_fountain_box, uniq_ijyb
D:6:      layout_basic, kennysheep_mini_moat, minmay_overflow_temple_star_quad
D:7:      layout_gridville, minmay_temple_entry_steel_oval, elyvilon_altar_1
D:8:      layout_cave_pools, dancing_weapons_uskayaw, uniq_prince_ribbit1,
          uniq_gastronok, uniq_erica
D:9:      layout_loops_ring, serial_shops, shop, enter_bailey_1
Temple:   eino_temple_rhombus
Bailey:   bailey_axe_minmay_hex_keep, bailey

Skill      XL: |  1  2  3  4  5  6  7  8  9 10 |
---------------+-------------------------------+-----
Conjurations   | 2 3 4 7 |  7.3
Fire Magic     | 4 4 6 |  6.6
Shields        | 1 2 3 4 |  4.0
Fighting       | 1 2 4 5 6 |  6.3
Spellcasting   | 3 5 |  5.0
Long Blades    | 4 5 7 |  7.0
Dodging        | 2 3 |  3.7
Invocations    | 1 3 |  3.8
Slings         | 1 3 |  3.2
Stealth        | |  1.7

Action                   |  1- 3 |  4- 6 |  7- 9 | 10-12 || total
-------------------------+-------+-------+-------+-------++-------
Melee: Hand axe          |    40 |    35 |   430 |       ||   505
       Tailslap          |     2 |     3 |    34 |     7 ||    46
       Double sword      |       |       |   144 |    72 ||   216
 Fire: Hunting sling     |     4 |    18 |   127 |     3 ||   152
Throw: Boomerang         |       |     4 |       |       ||     4
 Cast: Flame Tongue      |    50 |    97 |    56 |       ||   203
       Conjure Flame     |       |       |     4 |       ||     4
       Sticky Flame      |       |       |     1 |       ||     1
Invok: Renounce Religion |       |       |     1 |       ||     1
  Use: Scroll            |       |    13 |     3 |     1 ||    17
       Potion            |       |       |       |     1 ||     1
 Stab: Sleeping          |       |     1 |     3 |     1 ||     5
       Distracted        |       |       |     1 |       ||     1
  Eat: Chunk             |     4 |     7 |    11 |     3 ||    25
       Ration            |       |       |     2 |       ||     2
Armor: Skin              |    36 |    31 |   235 |    18 ||   320
Dodge: Dodged            |    51 |    37 |   355 |    38 ||   481
       Deflected         |       |       |     3 |     1 ||     4
Block: Buckler           |       |     8 |   140 |    14 ||   162
       Rpst.: Double sword |       |       |    27 |     9 ||    36

Table legend:
 A = Non-vault XP
 B = Vault XP
 C = Vault XP percentage of total XP
 D = Non-vault monster count
 E = Vault monster count
 F = Vault count percentage of total count
                 A         B        C        D         E       F
            +---------+---------+-------+---------+---------+-------
      Total |    3625 |    6357 |  63.7 |     155 |      82 |  34.6
            +---------+---------+-------+---------+---------+-------
        D:1 |      43 |       0 |   0.0 |      22 |       0 |   0.0
        D:2 |     118 |      36 |  23.4 |      20 |       1 |   4.8
        D:3 |      12 |       0 |   0.0 |       9 |       0 |   0.0
        D:4 |     297 |     178 |  37.5 |      11 |       6 |  35.3
        D:5 |     254 |     332 |  56.7 |      13 |      11 |  45.8
        D:6 |     785 |       0 |   0.0 |      29 |       0 |   0.0
        D:7 |     322 |       0 |   0.0 |      22 |       0 |   0.0
        D:8 |     547 |    3204 |  85.4 |      18 |       3 |  14.3
        D:9 |    1247 |       0 |   0.0 |      11 |       0 |   0.0
    Ossuary |       0 |     238 | 100.0 |       0 |      13 | 100.0
     Bailey |       0 |    2369 | 100.0 |       0 |      48 | 100.0
            +---------+---------+-------+---------+---------+-------
